[ AOE2 MATCH · #493056398 ]
Team RMPortuguese vs Bengalis
[ REPLAY ANALYSIS · EXTRACTED FROM THE RECORDED GAME ]
Feudal
11:07
Castle
17:40
Imperial
27:24
| APM avg | 37.1 |
| APM peak | 68 |
| eAPM avg | 18.4 |
| Villagers / military | 53 / 43 |
Focus
⚔️ 41.4% · 🌾 58.6%
Archer ×25 · Spearman ×8 · Organ Gun ×8 · Mangonel ×2
Feudal
10:56
Castle
14:55
Imperial
29:01
| APM avg | 31.1 |
| APM peak | 56 |
| eAPM avg | 19.0 |
| Villagers / military | 130 / 59 |
Focus
⚔️ 24.8% · 🌾 75.2%
Leitis ×53 · Scout Cavalry ×2 · Monk ×2 · Trebuchet (Packed) ×2
Feudal
10:56
Castle
14:28
Imperial
28:09
| APM avg | 55.4 |
| APM peak | 105 |
| eAPM avg | 28.6 |
| Villagers / military | 179 / 1 |
Focus
⚔️ 26.4% · 🌾 73.6%
Unknown (1944) ×101 · Unknown (1952) ×16 · Unknown (1949) ×6 · Monk ×1
Feudal
8:51
Castle
21:09
Imperial
—
| APM avg | 99.5 |
| APM peak | 192 |
| eAPM avg | 67.6 |
| Villagers / military | 150 / 75 |
Focus
⚔️ 62.6% · 🌾 37.4%
Archer ×51 · Longbowman ×24
Feudal
11:33
Castle
15:28
Imperial
32:45
| APM avg | 57.3 |
| APM peak | 95 |
| eAPM avg | 31.5 |
| Villagers / military | 105 / 11 |
Focus
⚔️ 38.2% · 🌾 61.8%
Unknown (1949) ×20 · Unknown (1944) ×18 · Battering Ram ×6 · Unknown (1942) ×4 · Spearman ×2 · Monk ×2
Feudal
8:54
Castle
23:53
Imperial
—
| APM avg | 55.0 |
| APM peak | 81 |
| eAPM avg | 36.3 |
| Villagers / military | 128 / 20 |
Focus
⚔️ 51.0% · 🌾 49.0%
Konnik ×11 · Militia ×4 · Spearman ×4 · Petard ×1
Feudal
8:26
Castle
33:41
Imperial
—
| APM avg | 39.5 |
| APM peak | 97 |
| eAPM avg | 23.8 |
| Villagers / military | 62 / 0 |
Focus
⚔️ 29.1% · 🌾 70.9%
Feudal
9:14
Castle
34:09
Imperial
—
| APM avg | 46.1 |
| APM peak | 95 |
| eAPM avg | 18.6 |
| Villagers / military | 80 / 64 |
Focus
⚔️ 29.0% · 🌾 71.0%
Archer ×54 · Skirmisher ×10
Match map
Initial resources + every placement click. Lines = walls · curves = elevation contours. ◆ gold · ⬟ stone · ● berries · ✦ relic · ◌ wall gap
Your base· ✓ Closed at 17:40 · 6t walls · 2 gate(s)
[CL] el castigador's base· ✓ Closed at 14:55 · 0t walls · 2 gate(s)
Smokey's base· ✓ Closed at 14:28 · 0t walls · 4 gate(s)
OS+ | NecksZy's base· ✓ Closed at 21:09 · 1t walls · 3 gate(s)
[CL] FelipeBesitosRicos's base· ✓ Closed at 15:28 · 0t walls · 2 gate(s)
DS_VarVa's base· ✓ Closed at 23:53 · 13t walls · 4 gate(s)
[CL] Rey Enigmaaa's base· ✓ Closed at 33:41 · 74t walls · 6 gate(s) · fragile
LvSP | Richard's base· ✓ Closed at 34:09 · 1t walls · 2 gate(s)
Smoothed initial terrain · ◌ = detected wall gap · hover for details
Inputs per minute
— Buhr - - [CL] el castigador
Build order — Buhr
First 150 of 195 actions detected
| 0:02 | Create | Villager (Male) ×4 |
| 0:03 | Build | House |
| 0:04 | Build | House |
| 1:28 | Create | Villager (Male) |
| 1:47 | Build | Lumber Camp |
| 1:52 | Create | Villager (Male) |
| 1:52 | Create | Villager (Male) |
| 2:17 | Create | Villager (Male) |
| 2:17 | Create | Villager (Male) |
| 2:26 | Create | Villager (Male) |
| 2:27 | Create | Villager (Male) |
| 3:18 | Create | Villager (Male) |
| 3:18 | Create | Villager (Male) |
| 3:20 | Create | Villager (Male) |
| 3:20 | Create | Villager (Male) |
| 3:24 | Build | House |
| 3:25 | Build | House |
| 4:26 | Create | Villager (Male) |
| 4:26 | Create | Villager (Male) |
| 4:26 | Create | Villager (Male) |
| 4:26 | Create | Villager (Male) |
| 4:33 | Build | Mill |
| 5:30 | Create | Villager (Male) |
| 5:34 | Create | Villager (Male) |
| 5:49 | Create | Villager (Male) |
| 5:49 | Create | Villager (Male) |
| 5:49 | Create | Villager (Male) |
| 6:01 | Create | Villager (Male) |
| 6:02 | Create | Villager (Male) |
| 6:34 | Build | Mining Camp |
| 6:50 | Create | Villager (Male) |
| 7:57 | Create | Villager (Male) |
| 8:25 | Build | House |
| 8:36 | Research | Loom |
| 8:57 | Research | Feudal Age |
| 9:08 | Create | Villager (Male) |
| 9:09 | Create | Villager (Male) |
| 9:25 | Build | Mining Camp |
| 9:49 | Build | Barracks |
| 11:07 | Age | Feudal Age |
| 11:14 | Build | Market |
| 11:17 | Build | Blacksmith |
| 11:39 | Create | Villager (Male) |
| 11:43 | Build | Farm |
| 12:01 | Build | Farm |
| 12:16 | Create | Villager (Male) |
| 12:30 | Build | House |
| 12:31 | Build | House |
| 12:51 | Create | Villager (Male) |
| 12:51 | Create | Villager (Male) |
| 12:53 | Build | Farm |
| 13:38 | Create | Villager (Male) |
| 13:47 | Build | Farm |
| 13:49 | Build | Farm |
| 14:04 | Create | Villager (Male) |
| 14:06 | Build | Farm |
| 14:13 | Build | Palisade Wall |
| 14:14 | Build | Palisade Wall |
| 14:18 | Build | Palisade Wall |
| 14:20 | Build | Palisade Wall |
| 14:21 | Build | Palisade Wall |
| 14:25 | Build | Palisade Wall |
| 14:32 | Build | House |
| 14:35 | Create | Villager (Male) |
| 14:39 | Build | Mining Camp |
| 14:53 | Build | Farm |
| 14:57 | Research | Castle Age |
| 15:19 | Build | Farm |
| 16:19 | Research | Double-Bit Axe |
| 16:26 | Build | Farm |
| 17:25 | Create | Spearman |
| 17:26 | Create | Spearman |
| 17:40 | Age | Castle Age |
| 17:48 | Build | Castle |
| 18:05 | Create | Villager (Male) |
| 18:05 | Create | Villager (Male) |
| 18:35 | Create | Spearman |
| 18:52 | Create | Villager (Male) |
| 18:53 | Create | Villager (Male) |
| 19:06 | Build | Castle |
| 19:14 | Build | House |
| 19:20 | Build | Palisade Wall |
| 19:21 | Build | Palisade Wall |
| 19:25 | Build | Palisade Wall |
| 19:30 | Build | House |
| 19:45 | Create | Spearman |
| 19:45 | Create | Spearman |
| 20:01 | Build | Siege Workshop |
| 20:14 | Create | Spearman |
| 20:53 | Build | Castle |
| 20:59 | Create | Spearman |
| 20:59 | Create | Spearman |
| 21:03 | Build | Farm |
| 21:13 | Build | House |
| 21:21 | Create | Mangonel |
| 21:32 | Build | Farm |
| 22:49 | Build | Farm |
| 22:50 | Build | Farm |
| 23:23 | Create | Mangonel |
| 24:14 | Research | Imperial Age |
| 24:15 | Research | Imperial Age |
| 24:24 | Create | Organ Gun |
| 24:24 | Create | Organ Gun |
| 24:30 | Build | Castle |
| 24:45 | Build | Castle |
| 24:49 | Create | Organ Gun |
| 24:50 | Create | Organ Gun |
| 25:11 | Build | Mining Camp |
| 26:13 | Build | Gate |
| 26:14 | Build | Stone Wall |
| 26:15 | Build | Stone Wall |
| 26:20 | Build | Gate |
| 26:22 | Build | Stone Wall |
| 26:35 | Build | House |
| 26:36 | Build | House |
| 26:39 | Build | House |
| 26:44 | Build | Lumber Camp |
| 26:57 | Create | Villager (Male) |
| 26:58 | Create | Villager (Male) |
| 27:08 | Create | Villager (Male) |
| 27:08 | Create | Villager (Male) |
| 27:24 | Age | Imperial Age |
| 27:33 | Create | Organ Gun |
| 27:34 | Create | Organ Gun |
| 27:34 | Create | Organ Gun |
| 27:52 | Create | Organ Gun |
| 28:06 | Build | House |
| 28:06 | Build | House |
| 28:26 | Build | Feitoria |
| 28:41 | Build | House |
| 28:42 | Build | House |
| 28:42 | Build | House |
| 28:47 | Build | House |
| 29:09 | Build | Feitoria |
| 29:31 | Build | Archery Range |
| 29:35 | Build | Archery Range |
| 29:38 | Build | University |
| 29:57 | Build | House |
| 30:00 | Build | House |
| 30:01 | Build | House |
| 30:07 | Build | House |
| 30:08 | Build | House |
| 30:10 | Create | Villager (Male) |
| 30:10 | Create | Villager (Male) |
| 30:32 | Build | Feitoria |
| 30:37 | Build | House |
| 30:38 | Build | House |
| 30:41 | Research | Fletching |
| 30:58 | Build | Archery Range |
| 31:05 | Create | Archer |
Build order — [CL] el castigador
First 150 of 326 actions detected
| 0:01 | Create | Villager (Male) |
| 0:01 | Create | Villager (Male) |
| 0:01 | Create | Villager (Male) |
| 0:02 | Create | Villager (Male) |
| 0:02 | Create | Villager (Male) |
| 0:03 | Build | House |
| 0:04 | Build | House |
| 0:18 | Create | Villager (Male) |
| 1:28 | Create | Villager (Male) |
| 1:46 | Build | Lumber Camp |
| 1:58 | Create | Villager (Male) |
| 2:28 | Create | Villager (Male) |
| 2:52 | Create | Villager (Male) |
| 3:03 | Create | Villager (Male) |
| 3:03 | Create | Villager (Male) |
| 3:38 | Create | Villager (Male) |
| 3:51 | Build | House |
| 3:52 | Build | House |
| 3:54 | Create | Villager (Male) |
| 4:05 | Create | Villager (Male) |
| 4:18 | Build | Mill |
| 4:53 | Create | Villager (Male) |
| 5:14 | Create | Villager (Male) |
| 5:38 | Create | Villager (Male) |
| 5:39 | Create | Villager (Male) |
| 5:54 | Create | Villager (Male) |
| 5:54 | Create | Villager (Male) |
| 6:17 | Create | Villager (Male) |
| 6:18 | Create | Villager (Male) |
| 7:17 | Build | Mining Camp |
| 8:38 | Research | Feudal Age |
| 8:46 | Build | House |
| 8:47 | Build | House |
| 8:55 | Build | Farm |
| 8:58 | Build | Farm |
| 9:08 | Build | Barracks |
| 9:52 | Build | Farm |
| 10:09 | Create | Villager (Male) |
| 10:09 | Create | Villager (Male) |
| 10:56 | Age | Feudal Age |
| 11:11 | Build | Stable |
| 11:14 | Build | Market |
| 11:50 | Create | Villager (Male) |
| 11:57 | Build | Farm |
| 12:07 | Research | Castle Age |
| 12:20 | Build | House |
| 12:33 | Research | Double-Bit Axe |
| 12:51 | Research | Horse Collar |
| 13:18 | Create | Villager (Male) |
| 13:20 | Create | Scout Cavalry |
| 13:50 | Build | Farm |
| 13:53 | Build | Farm |
| 14:07 | Create | Villager (Male) |
| 14:36 | Create | Scout Cavalry |
| 14:55 | Age | Castle Age |
| 14:58 | Build | Town Center |
| 15:02 | Build | Monastery |
| 15:09 | Research | Bow Saw |
| 15:13 | Create | Villager (Male) |
| 15:24 | Create | Villager (Male) |
| 15:28 | Build | Farm |
| 15:49 | Create | Monk |
| 15:49 | Create | Monk |
| 15:52 | Create | Villager (Male) |
| 16:10 | Build | Town Center |
| 16:18 | Build | Farm |
| 16:20 | Create | Villager (Male) |
| 16:21 | Create | Villager (Male) |
| 16:21 | Create | Villager (Male) |
| 16:22 | Create | Villager (Male) |
| 16:23 | Research | Loom |
| 16:27 | Create | Villager (Male) |
| 16:27 | Create | Villager (Male) |
| 16:50 | Create | Villager (Male) |
| 16:53 | Create | Villager (Male) |
| 17:00 | Build | Farm |
| 17:00 | Build | Farm |
| 17:00 | Build | Farm |
| 17:07 | Build | House |
| 17:08 | Build | House |
| 17:10 | Create | Villager (Male) |
| 17:31 | Create | Villager (Male) |
| 18:08 | Create | Villager (Male) |
| 18:09 | Create | Villager (Male) |
| 18:13 | Build | Farm |
| 18:14 | Build | Farm |
| 18:14 | Build | Farm |
| 18:14 | Build | Farm |
| 18:14 | Build | Farm |
| 18:15 | Build | Farm |
| 18:21 | Create | Villager (Male) |
| 18:21 | Create | Villager (Male) |
| 18:21 | Create | Villager (Male) |
| 18:36 | Create | Villager (Male) |
| 18:48 | Create | Villager (Male) |
| 18:48 | Create | Villager (Male) |
| 18:56 | Build | Farm |
| 18:56 | Build | Farm |
| 18:56 | Build | Farm |
| 18:57 | Build | Farm |
| 18:57 | Build | Farm |
| 18:57 | Build | Farm |
| 19:04 | Create | Villager (Male) |
| 19:11 | Create | Villager (Male) |
| 19:22 | Build | Farm |
| 19:22 | Build | Farm |
| 19:38 | Research | Fervor |
| 19:39 | Create | Villager (Male) |
| 19:40 | Create | Villager (Male) |
| 19:40 | Create | Villager (Male) |
| 19:43 | Build | Farm |
| 19:45 | Build | House |
| 19:46 | Build | House |
| 19:49 | Create | Villager (Male) |
| 19:49 | Create | Villager (Male) |
| 19:53 | Build | Farm |
| 19:54 | Build | Farm |
| 20:01 | Create | Villager (Male) |
| 20:13 | Create | Villager (Male) |
| 20:13 | Create | Villager (Male) |
| 20:15 | Build | House |
| 20:16 | Build | House |
| 20:28 | Create | Villager (Male) |
| 20:30 | Build | Farm |
| 20:33 | Create | Villager (Male) |
| 20:40 | Build | Farm |
| 20:43 | Build | Farm |
| 20:44 | Build | Farm |
| 20:45 | Create | Villager (Male) |
| 20:45 | Create | Villager (Male) |
| 20:47 | Build | Lumber Camp |
| 20:48 | Create | Villager (Male) |
| 20:57 | Research | Wheelbarrow |
| 20:57 | Research | Wheelbarrow |
| 20:58 | Create | Villager (Male) |
| 20:58 | Create | Villager (Male) |
| 21:00 | Create | Villager (Male) |
| 21:12 | Create | Villager (Male) |
| 21:13 | Create | Villager (Male) |
| 21:18 | Create | Villager (Male) |
| 21:27 | Build | Farm |
| 21:32 | Research | Town Watch |
| 21:33 | Create | Villager (Male) |
| 21:33 | Create | Villager (Male) |
| 21:43 | Build | Town Center |
| 21:44 | Create | Villager (Male) |
| 21:44 | Create | Villager (Male) |
| 21:47 | Create | Villager (Male) |
| 22:08 | Create | Villager (Male) |
| 22:08 | Create | Villager (Male) |
Build order — Smokey
First 150 of 442 actions detected
| 0:00 | Create | Villager (Male) |
| 0:02 | Build | House |
| 0:03 | Build | House |
| 0:09 | Create | Villager (Male) |
| 0:10 | Create | Villager (Male) |
| 0:10 | Create | Villager (Male) |
| 0:11 | Create | Villager (Male) |
| 0:11 | Create | Villager (Male) |
| 1:38 | Create | Villager (Male) |
| 1:39 | Create | Villager (Male) |
| 1:44 | Build | Lumber Camp |
| 2:14 | Create | Villager (Male) |
| 2:49 | Create | Villager (Male) |
| 3:17 | Create | Villager (Male) |
| 3:17 | Create | Villager (Male) |
| 3:18 | Create | Villager (Male) |
| 3:48 | Build | House |
| 4:00 | Create | Villager (Male) |
| 4:04 | Build | House |
| 4:23 | Create | Villager (Male) |
| 4:24 | Create | Villager (Male) |
| 4:24 | Create | Villager (Male) |
| 4:24 | Create | Villager (Male) |
| 4:45 | Build | Mill |
| 5:03 | Create | Villager (Male) |
| 5:03 | Create | Villager (Male) |
| 5:04 | Create | Villager (Male) |
| 6:31 | Create | Villager (Male) |
| 6:31 | Create | Villager (Male) |
| 6:31 | Create | Villager (Male) |
| 6:47 | Build | Lumber Camp |
| 7:02 | Build | Farm |
| 7:08 | Build | Farm |
| 7:40 | Build | House |
| 7:47 | Create | Villager (Male) |
| 7:47 | Create | Villager (Male) |
| 8:28 | Build | Farm |
| 8:46 | Research | Feudal Age |
| 10:21 | Create | Villager (Male) |
| 10:56 | Age | Feudal Age |
| 11:00 | Build | Market |
| 11:02 | Build | Blacksmith |
| 11:22 | Create | Villager (Male) |
| 11:48 | Research | Castle Age |
| 11:51 | Build | Farm |
| 11:53 | Build | Farm |
| 11:57 | Build | Farm |
| 12:02 | Build | Farm |
| 12:04 | Build | Farm |
| 12:08 | Research | Double-Bit Axe |
| 12:33 | Research | Horse Collar |
| 12:33 | Research | Horse Collar |
| 12:37 | Build | House |
| 13:44 | Create | Villager (Male) |
| 14:28 | Age | Castle Age |
| 14:29 | Build | Town Center |
| 14:32 | Build | Town Center |
| 14:36 | Build | Town Center |
| 14:38 | Research | Bow Saw |
| 14:40 | Create | Villager (Male) |
| 14:47 | Research | Heavy Plow |
| 14:47 | Research | Heavy Plow |
| 14:54 | Build | House |
| 15:15 | Research | Wheelbarrow |
| 15:17 | Build | Farm |
| 15:34 | Build | Farm |
| 15:41 | Build | Farm |
| 15:53 | Create | Villager (Male) |
| 15:54 | Create | Villager (Male) |
| 15:55 | Build | Farm |
| 16:03 | Build | Farm |
| 16:04 | Create | Villager (Male) |
| 16:04 | Create | Villager (Male) |
| 16:05 | Create | Villager (Male) |
| 16:14 | Create | Villager (Male) |
| 16:14 | Create | Villager (Male) |
| 16:17 | Build | Farm |
| 16:21 | Build | Farm |
| 16:21 | Create | Villager (Male) |
| 16:37 | Build | Farm |
| 16:38 | Create | Villager (Male) |
| 16:38 | Create | Villager (Male) |
| 16:43 | Build | Farm |
| 16:48 | Create | Villager (Male) |
| 16:48 | Create | Villager (Male) |
| 16:48 | Create | Villager (Male) |
| 16:51 | Build | Farm |
| 16:55 | Create | Villager (Male) |
| 16:56 | Create | Villager (Male) |
| 16:56 | Create | Villager (Male) |
| 17:00 | Build | Farm |
| 17:06 | Build | Farm |
| 17:10 | Create | Villager (Male) |
| 17:10 | Create | Villager (Male) |
| 17:15 | Build | Farm |
| 17:18 | Create | Villager (Male) |
| 17:18 | Create | Villager (Male) |
| 17:22 | Build | Farm |
| 17:26 | Create | Villager (Male) |
| 17:26 | Create | Villager (Male) |
| 17:30 | Create | Villager (Male) |
| 17:30 | Create | Villager (Male) |
| 17:46 | Create | Villager (Male) |
| 17:46 | Create | Villager (Male) |
| 17:51 | Create | Villager (Male) |
| 17:51 | Create | Villager (Male) |
| 17:52 | Create | Villager (Male) |
| 17:54 | Build | Town Center |
| 17:58 | Build | Farm |
| 18:00 | Create | Villager (Male) |
| 18:00 | Create | Villager (Male) |
| 18:02 | Create | Villager (Male) |
| 18:02 | Create | Villager (Male) |
| 18:04 | Build | Farm |
| 18:10 | Build | House |
| 18:15 | Create | Villager (Male) |
| 18:15 | Create | Villager (Male) |
| 18:15 | Create | Villager (Male) |
| 18:16 | Build | Farm |
| 18:21 | Build | House |
| 18:33 | Build | Farm |
| 18:34 | Create | Villager (Male) |
| 18:34 | Create | Villager (Male) |
| 18:34 | Create | Villager (Male) |
| 18:44 | Build | Farm |
| 18:46 | Create | Villager (Male) |
| 18:46 | Create | Villager (Male) |
| 18:46 | Create | Villager (Male) |
| 18:46 | Create | Villager (Male) |
| 18:49 | Build | Farm |
| 18:56 | Build | House |
| 19:13 | Create | Villager (Male) |
| 19:13 | Create | Villager (Male) |
| 19:15 | Create | Villager (Male) |
| 19:16 | Create | Villager (Male) |
| 19:32 | Build | Town Center |
| 19:33 | Create | Villager (Male) |
| 19:33 | Create | Villager (Male) |
| 19:34 | Create | Villager (Male) |
| 19:38 | Build | House |
| 19:53 | Create | Villager (Male) |
| 19:53 | Create | Villager (Male) |
| 19:53 | Create | Villager (Male) |
| 19:56 | Build | Farm |
| 19:58 | Build | Farm |
| 20:00 | Build | Farm |
| 20:02 | Create | Villager (Male) |
| 20:02 | Create | Villager (Male) |
| 20:05 | Create | Villager (Male) |
| 20:09 | Build | House |
Build order — OS+ | NecksZy
First 150 of 362 actions detected
| 0:00 | Create | Villager (Male) |
| 0:01 | Create | Villager (Male) |
| 0:01 | Create | Villager (Male) |
| 0:02 | Build | House |
| 0:03 | Build | House |
| 0:12 | Create | Villager (Male) |
| 0:12 | Create | Villager (Male) |
| 1:18 | Build | Lumber Camp |
| 1:29 | Create | Villager (Male) |
| 1:34 | Create | Villager (Male) |
| 2:01 | Create | Villager (Male) |
| 2:51 | Create | Villager (Male) |
| 2:57 | Create | Villager (Male) |
| 2:57 | Create | Villager (Male) |
| 3:30 | Create | Villager (Male) |
| 3:31 | Create | Villager (Male) |
| 3:42 | Create | Villager (Male) |
| 3:53 | Build | House |
| 3:53 | Build | House |
| 3:57 | Create | Villager (Male) |
| 3:58 | Create | Villager (Male) |
| 4:51 | Create | Villager (Male) |
| 4:51 | Create | Villager (Male) |
| 4:54 | Build | Mining Camp |
| 5:43 | Create | Villager (Male) |
| 6:16 | Create | Villager (Male) |
| 6:40 | Research | Feudal Age |
| 6:40 | Research | Feudal Age |
| 7:17 | Build | Barracks |
| 7:41 | Create | Villager (Male) |
| 7:55 | Build | House |
| 8:20 | Build | Mill |
| 8:51 | Age | Feudal Age |
| 8:52 | Build | Archery Range |
| 8:54 | Research | Double-Bit Axe |
| 8:57 | Create | Villager (Male) |
| 9:14 | Create | Villager (Male) |
| 9:33 | Create | Archer |
| 9:47 | Create | Villager (Male) |
| 10:00 | Create | Archer |
| 10:08 | Create | Villager (Male) |
| 10:11 | Build | Blacksmith |
| 10:14 | Create | Archer |
| 10:17 | Create | Villager (Male) |
| 10:34 | Build | Farm |
| 10:35 | Build | Farm |
| 10:44 | Build | House |
| 10:54 | Build | Farm |
| 10:56 | Create | Villager (Male) |
| 10:59 | Create | Archer |
| 11:12 | Create | Archer |
| 11:23 | Create | Villager (Male) |
| 11:34 | Build | House |
| 11:37 | Build | House |
| 11:46 | Build | Archery Range |
| 11:58 | Create | Villager (Male) |
| 11:59 | Create | Archer |
| 12:01 | Research | Fletching |
| 12:01 | Research | Fletching |
| 12:04 | Build | House |
| 12:14 | Build | Farm |
| 12:16 | Create | Villager (Male) |
| 12:30 | Create | Archer |
| 12:31 | Create | Villager (Male) |
| 12:38 | Build | Farm |
| 12:42 | Create | Archer |
| 12:49 | Create | Archer |
| 12:51 | Build | Farm |
| 12:58 | Build | Watch Tower |
| 13:04 | Create | Archer |
| 13:06 | Create | Villager (Male) |
| 13:06 | Create | Villager (Male) |
| 13:18 | Create | Villager (Male) |
| 13:18 | Create | Villager (Male) |
| 13:26 | Create | Archer |
| 13:26 | Create | Archer |
| 13:32 | Build | Farm |
| 13:37 | Build | Farm |
| 13:54 | Create | Villager (Male) |
| 13:55 | Create | Villager (Male) |
| 14:01 | Build | Farm |
| 14:05 | Create | Archer |
| 14:05 | Create | Archer |
| 14:13 | Build | Farm |
| 14:23 | Build | House |
| 14:27 | Build | House |
| 14:30 | Create | Archer |
| 14:39 | Build | Farm |
| 15:00 | Create | Villager (Male) |
| 15:00 | Create | Villager (Male) |
| 15:06 | Create | Archer |
| 15:10 | Build | Farm |
| 15:14 | Build | House |
| 15:14 | Build | House |
| 15:17 | Create | Villager (Male) |
| 15:29 | Create | Archer |
| 15:29 | Create | Archer |
| 15:36 | Create | Villager (Male) |
| 15:36 | Create | Archer |
| 15:48 | Build | House |
| 15:50 | Build | House |
| 15:52 | Build | Stone Wall |
| 15:59 | Create | Villager (Male) |
| 15:59 | Create | Villager (Male) |
| 16:08 | Create | Archer |
| 16:08 | Create | Archer |
| 16:10 | Research | Padded Archer Armor |
| 16:13 | Build | Farm |
| 16:39 | Create | Villager (Male) |
| 16:39 | Create | Villager (Male) |
| 16:47 | Create | Archer |
| 16:47 | Create | Archer |
| 16:48 | Create | Archer |
| 16:55 | Build | Farm |
| 17:03 | Create | Archer |
| 17:03 | Create | Archer |
| 17:13 | Build | Farm |
| 17:15 | Create | Villager (Male) |
| 17:24 | Create | Archer |
| 17:31 | Build | Farm |
| 17:41 | Create | Archer |
| 17:42 | Create | Villager (Male) |
| 17:52 | Build | Lumber Camp |
| 18:29 | Research | Castle Age |
| 18:53 | Create | Archer |
| 18:53 | Create | Archer |
| 19:02 | Create | Archer |
| 19:02 | Create | Archer |
| 19:04 | Research | Gold Mining |
| 19:05 | Research | Horse Collar |
| 19:05 | Research | Horse Collar |
| 19:23 | Create | Archer |
| 19:42 | Create | Villager (Male) |
| 19:43 | Create | Villager (Male) |
| 19:46 | Create | Archer |
| 19:47 | Create | Archer |
| 19:47 | Create | Archer |
| 19:54 | Build | House |
| 19:56 | Build | House |
| 19:57 | Build | House |
| 20:10 | Create | Villager (Male) |
| 20:14 | Build | Farm |
| 20:28 | Create | Villager (Male) |
| 20:28 | Create | Villager (Male) |
| 20:31 | Build | Farm |
| 20:38 | Build | House |
| 21:09 | Age | Castle Age |
| 21:12 | Research | Crossbowman (upgrade) |
| 21:12 | Research | Bodkin Arrow |
| 21:14 | Build | University |
Build order — [CL] FelipeBesitosRicos
First 150 of 274 actions detected
| 0:02 | Create | Villager (Male) |
| 0:02 | Create | Villager (Male) |
| 0:03 | Build | House |
| 0:04 | Build | House |
| 0:06 | Create | Villager (Male) |
| 0:06 | Create | Villager (Male) |
| 1:44 | Create | Villager (Male) |
| 1:52 | Build | Lumber Camp |
| 1:55 | Create | Villager (Male) |
| 2:17 | Create | Villager (Male) |
| 2:53 | Create | Villager (Male) |
| 2:53 | Create | Villager (Male) |
| 3:12 | Research | Loom |
| 3:28 | Create | Villager (Male) |
| 3:35 | Build | Mill |
| 3:58 | Create | Villager (Male) |
| 4:04 | Create | Villager (Male) |
| 4:43 | Build | House |
| 4:46 | Build | House |
| 4:47 | Build | House |
| 4:48 | Research | Loom |
| 5:12 | Create | Villager (Male) |
| 5:12 | Create | Villager (Male) |
| 5:13 | Create | Villager (Male) |
| 5:13 | Create | Villager (Male) |
| 5:45 | Create | Villager (Male) |
| 6:12 | Create | Villager (Male) |
| 6:55 | Create | Villager (Male) |
| 7:00 | Build | Farm |
| 7:01 | Build | Farm |
| 7:09 | Build | Farm |
| 7:15 | Build | Farm |
| 7:24 | Create | Villager (Male) |
| 7:24 | Create | Villager (Male) |
| 7:25 | Create | Villager (Male) |
| 7:45 | Create | Villager (Male) |
| 9:10 | Create | Villager (Male) |
| 9:13 | Research | Feudal Age |
| 9:51 | Build | Mining Camp |
| 9:52 | Create | Villager (Male) |
| 10:18 | Build | Barracks |
| 10:31 | Create | Villager (Male) |
| 11:33 | Age | Feudal Age |
| 11:36 | Build | Stable |
| 11:37 | Build | Blacksmith |
| 11:38 | Create | Villager (Male) |
| 12:32 | Build | House |
| 12:48 | Research | Castle Age |
| 12:59 | Build | Farm |
| 13:02 | Build | Farm |
| 13:10 | Research | Double-Bit Axe |
| 13:43 | Research | Horse Collar |
| 13:48 | Research | Gold Mining |
| 13:55 | Build | Farm |
| 13:56 | Build | Farm |
| 14:39 | Build | Farm |
| 14:42 | Build | Farm |
| 14:53 | Create | Villager (Male) |
| 14:56 | Research | Bloodlines |
| 15:28 | Age | Castle Age |
| 15:30 | Create | Unit 1944 |
| 15:32 | Create | Villager (Male) |
| 15:35 | Build | Town Center |
| 15:47 | Create | Unit 1944 |
| 15:55 | Research | Bow Saw |
| 15:57 | Build | Farm |
| 16:06 | Create | Spearman |
| 16:06 | Create | Spearman |
| 16:11 | Build | House |
| 16:12 | Build | House |
| 16:15 | Build | House |
| 16:30 | Create | Villager (Male) |
| 16:38 | Create | Unit 1944 |
| 16:52 | Build | Farm |
| 17:11 | Create | Villager (Male) |
| 17:15 | Create | Villager (Male) |
| 17:19 | Build | Farm |
| 17:20 | Build | Farm |
| 17:40 | Build | Farm |
| 17:40 | Build | Farm |
| 17:42 | Create | Villager (Male) |
| 18:02 | Create | Villager (Male) |
| 18:05 | Create | Unit 1944 |
| 18:17 | Create | Villager (Male) |
| 18:18 | Build | Farm |
| 18:18 | Build | Farm |
| 18:38 | Create | Unit 1944 |
| 18:39 | Create | Unit 1944 |
| 18:45 | Build | Farm |
| 18:45 | Build | Farm |
| 18:45 | Build | Farm |
| 18:46 | Create | Villager (Male) |
| 18:50 | Build | House |
| 18:50 | Build | House |
| 19:09 | Create | Unit 1944 |
| 19:14 | Create | Villager (Male) |
| 19:15 | Build | Farm |
| 19:22 | Create | Villager (Male) |
| 19:22 | Create | Villager (Male) |
| 19:48 | Build | Siege Workshop |
| 19:51 | Create | Unit 1944 |
| 20:09 | Create | Villager (Male) |
| 20:23 | Create | Villager (Male) |
| 20:25 | Create | Villager (Male) |
| 20:26 | Create | Unit 1944 |
| 20:35 | Create | Villager (Male) |
| 20:37 | Create | Villager (Male) |
| 20:40 | Build | Town Center |
| 20:58 | Research | Scale Barding Armor |
| 21:19 | Create | Villager (Male) |
| 21:21 | Create | Villager (Male) |
| 21:22 | Create | Villager (Male) |
| 21:29 | Create | Battering Ram |
| 21:30 | Build | Monastery |
| 21:45 | Create | Villager (Male) |
| 21:52 | Research | Heavy Plow |
| 21:54 | Create | Villager (Male) |
| 21:56 | Create | Villager (Male) |
| 22:13 | Create | Mangonel |
| 22:17 | Build | House |
| 22:18 | Create | Monk |
| 22:23 | Build | House |
| 22:35 | Create | Villager (Male) |
| 22:37 | Create | Villager (Male) |
| 22:38 | Create | Unit 1944 |
| 22:39 | Create | Unit 1944 |
| 22:42 | Research | Husbandry |
| 23:02 | Create | Villager (Male) |
| 23:03 | Create | Villager (Male) |
| 23:11 | Create | Monk |
| 23:11 | Build | House |
| 23:12 | Build | House |
| 23:12 | Create | Villager (Male) |
| 23:12 | Create | Villager (Male) |
| 23:24 | Create | Battering Ram |
| 23:30 | Create | Villager (Male) |
| 23:31 | Create | Villager (Male) |
| 23:34 | Build | Farm |
| 23:35 | Build | Farm |
| 23:36 | Create | Villager (Male) |
| 23:51 | Build | House |
| 23:52 | Build | House |
| 23:52 | Create | Villager (Male) |
| 23:59 | Create | Battering Ram |
| 24:12 | Build | Farm |
| 24:14 | Create | Villager (Male) |
| 24:17 | Research | Wheelbarrow |
| 24:23 | Create | Villager (Male) |
| 24:25 | Build | Market |
| 24:47 | Create | Battering Ram |
Build order — DS_VarVa
First 150 of 263 actions detected
| 0:01 | Create | Villager (Male) |
| 0:01 | Create | Villager (Male) |
| 0:01 | Create | Villager (Male) |
| 0:02 | Create | Villager (Male) |
| 0:03 | Build | House |
| 0:04 | Build | House |
| 1:23 | Create | Villager (Male) |
| 1:47 | Build | Lumber Camp |
| 1:52 | Create | Villager (Male) |
| 2:21 | Create | Villager (Male) |
| 2:24 | Build | House |
| 2:34 | Create | Villager (Male) |
| 2:55 | Create | Villager (Male) |
| 3:24 | Create | Villager (Male) |
| 3:31 | Create | Villager (Male) |
| 4:07 | Create | Villager (Male) |
| 4:15 | Create | Villager (Male) |
| 4:23 | Create | Villager (Male) |
| 4:42 | Create | Villager (Male) |
| 4:53 | Create | Villager (Male) |
| 5:18 | Research | Loom |
| 5:22 | Create | Villager (Male) |
| 5:30 | Build | Barracks |
| 5:54 | Create | Villager (Male) |
| 6:05 | Build | House |
| 6:44 | Research | Feudal Age |
| 6:48 | Build | Mining Camp |
| 7:03 | Create | Militia |
| 7:28 | Research | Loom |
| 7:29 | Create | Militia |
| 7:45 | Build | Mill |
| 8:04 | Create | Militia |
| 8:10 | Build | House |
| 8:28 | Build | Palisade Wall |
| 8:54 | Age | Feudal Age |
| 8:58 | Create | Villager (Male) |
| 9:10 | Create | Villager (Male) |
| 9:10 | Create | Villager (Male) |
| 9:54 | Create | Villager (Male) |
| 10:01 | Create | Villager (Male) |
| 10:03 | Build | Watch Tower |
| 10:06 | Create | Militia |
| 10:09 | Build | Watch Tower |
| 10:12 | Create | Villager (Male) |
| 10:34 | Build | Palisade Gate |
| 10:49 | Build | Watch Tower |
| 10:50 | Create | Villager (Male) |
| 10:55 | Build | House |
| 10:58 | Build | Palisade Wall |
| 10:59 | Build | Palisade Wall |
| 11:19 | Create | Villager (Male) |
| 11:46 | Create | Villager (Male) |
| 11:55 | Build | House |
| 12:09 | Build | Farm |
| 12:10 | Build | Farm |
| 12:30 | Create | Villager (Male) |
| 12:39 | Build | House |
| 12:42 | Build | Palisade Gate |
| 12:48 | Create | Villager (Male) |
| 12:53 | Build | Farm |
| 13:04 | Build | Watch Tower |
| 13:08 | Create | Villager (Male) |
| 13:10 | Build | Farm |
| 13:10 | Build | Farm |
| 13:22 | Create | Villager (Male) |
| 13:29 | Create | Villager (Male) |
| 14:11 | Create | Villager (Male) |
| 14:12 | Create | Villager (Male) |
| 14:13 | Build | Mining Camp |
| 14:15 | Create | Villager (Male) |
| 14:19 | Research | Double-Bit Axe |
| 14:31 | Create | Villager (Male) |
| 14:54 | Create | Villager (Male) |
| 14:57 | Create | Villager (Male) |
| 15:07 | Build | Watch Tower |
| 15:13 | Build | Watch Tower |
| 15:20 | Create | Villager (Male) |
| 15:21 | Build | Blacksmith |
| 15:31 | Create | Villager (Male) |
| 15:40 | Create | Villager (Male) |
| 15:47 | Create | Villager (Male) |
| 15:57 | Create | Villager (Male) |
| 16:01 | Research | Fletching |
| 16:20 | Create | Villager (Male) |
| 16:21 | Build | Farm |
| 16:25 | Build | Farm |
| 16:26 | Build | Farm |
| 16:33 | Create | Villager (Male) |
| 16:55 | Create | Villager (Male) |
| 16:57 | Create | Villager (Male) |
| 17:11 | Create | Spearman |
| 17:11 | Create | Spearman |
| 17:12 | Create | Spearman |
| 17:13 | Create | Villager (Male) |
| 17:14 | Build | House |
| 17:28 | Build | Palisade Wall |
| 17:30 | Build | Palisade Wall |
| 17:31 | Build | Palisade Wall |
| 17:36 | Build | Palisade Wall |
| 17:46 | Build | Mining Camp |
| 17:54 | Build | Farm |
| 17:54 | Build | Farm |
| 17:54 | Build | Farm |
| 18:18 | Create | Spearman |
| 18:42 | Build | Market |
| 19:00 | Create | Villager (Male) |
| 19:02 | Build | Farm |
| 19:17 | Create | Villager (Male) |
| 19:40 | Build | Farm |
| 19:40 | Build | Farm |
| 19:41 | Build | Farm |
| 19:59 | Create | Villager (Male) |
| 20:01 | Build | House |
| 20:05 | Research | Wheelbarrow |
| 20:05 | Research | Wheelbarrow |
| 20:44 | Build | House |
| 20:47 | Build | Palisade Wall |
| 21:07 | Build | House |
| 21:13 | Research | Castle Age |
| 21:13 | Research | Castle Age |
| 21:56 | Research | Horse Collar |
| 21:57 | Create | Villager (Male) |
| 21:59 | Build | Farm |
| 22:03 | Build | Lumber Camp |
| 23:06 | Build | Farm |
| 23:12 | Build | House |
| 23:46 | Create | Villager (Male) |
| 23:53 | Age | Castle Age |
| 23:55 | Create | Villager (Male) |
| 23:58 | Build | Town Center |
| 23:59 | Create | Villager (Male) |
| 24:01 | Build | Town Center |
| 24:38 | Research | Bow Saw |
| 25:11 | Build | Krepost |
| 25:25 | Create | Villager (Male) |
| 25:25 | Create | Villager (Male) |
| 25:25 | Create | Villager (Male) |
| 25:32 | Research | Bodkin Arrow |
| 25:32 | Research | Bodkin Arrow |
| 25:43 | Create | Villager (Male) |
| 25:52 | Build | Stone Wall |
| 26:11 | Build | Gate |
| 26:15 | Create | Villager (Male) |
| 26:15 | Create | Villager (Male) |
| 26:16 | Create | Villager (Male) |
| 26:18 | Research | Town Watch |
| 26:19 | Research | Hand Cart |
| 26:19 | Research | Hand Cart |
| 26:24 | Create | Villager (Male) |
| 26:30 | Create | Villager (Male) |
Build order — [CL] Rey Enigmaaa
First 150 of 195 actions detected
| 0:01 | Create | Villager (Male) |
| 0:02 | Build | House |
| 0:04 | Build | House |
| 0:10 | Create | Villager (Male) |
| 0:19 | Create | Villager (Male) |
| 0:36 | Create | Villager (Male) |
| 1:27 | Create | Villager (Male) |
| 1:27 | Create | Villager (Male) |
| 1:52 | Create | Villager (Male) |
| 2:18 | Create | Villager (Male) |
| 2:39 | Create | Villager (Male) |
| 2:49 | Build | Lumber Camp |
| 3:12 | Create | Villager (Male) |
| 3:26 | Create | Villager (Male) |
| 3:39 | Build | House |
| 3:42 | Build | House |
| 3:59 | Create | Villager (Male) |
| 4:00 | Create | Villager (Male) |
| 4:25 | Create | Villager (Male) |
| 4:55 | Create | Villager (Male) |
| 5:32 | Research | Loom |
| 5:33 | Build | Mill |
| 6:12 | Research | Feudal Age |
| 6:12 | Research | Feudal Age |
| 6:48 | Build | Palisade Wall |
| 7:06 | Build | Mining Camp |
| 7:35 | Build | House |
| 7:41 | Build | Palisade Wall |
| 7:51 | Create | Villager (Male) |
| 8:26 | Age | Feudal Age |
| 8:30 | Build | Watch Tower |
| 8:45 | Research | Town Watch |
| 8:45 | Research | Town Watch |
| 9:01 | Build | Palisade Wall |
| 9:02 | Build | Palisade Wall |
| 9:19 | Create | Villager (Male) |
| 9:28 | Create | Villager (Male) |
| 9:29 | Research | Horse Collar |
| 9:29 | Research | Horse Collar |
| 9:53 | Build | Stone Wall |
| 9:54 | Build | Stone Wall |
| 9:55 | Build | Stone Wall |
| 9:56 | Build | Stone Wall |
| 9:58 | Build | Stone Wall |
| 9:59 | Build | Stone Wall |
| 10:01 | Build | Outpost |
| 10:02 | Create | Villager (Male) |
| 10:05 | Build | House |
| 10:12 | Build | Farm |
| 10:47 | Build | Stone Wall |
| 10:50 | Build | Stone Wall |
| 10:51 | Build | Stone Wall |
| 10:51 | Create | Villager (Male) |
| 10:55 | Build | Stone Wall |
| 10:55 | Create | Villager (Male) |
| 11:16 | Build | Stone Wall |
| 11:24 | Build | Stone Wall |
| 11:28 | Build | Stone Wall |
| 11:29 | Build | Stone Wall |
| 11:31 | Build | Stone Wall |
| 11:31 | Create | Villager (Male) |
| 11:51 | Build | Watch Tower |
| 11:56 | Create | Villager (Male) |
| 12:00 | Build | House |
| 12:03 | Build | House |
| 12:07 | Build | Stone Wall |
| 12:10 | Create | Villager (Male) |
| 12:21 | Build | Farm |
| 12:22 | Build | Farm |
| 12:22 | Create | Villager (Male) |
| 12:28 | Build | House |
| 12:29 | Create | Villager (Male) |
| 12:33 | Build | Farm |
| 12:48 | Build | House |
| 12:49 | Create | Villager (Male) |
| 12:55 | Build | House |
| 13:07 | Build | House |
| 13:37 | Create | Villager (Male) |
| 13:46 | Build | Farm |
| 13:50 | Build | Farm |
| 14:09 | Build | Farm |
| 14:10 | Create | Villager (Male) |
| 14:18 | Build | Farm |
| 14:39 | Create | Villager (Male) |
| 14:49 | Research | Wheelbarrow |
| 14:49 | Research | Wheelbarrow |
| 15:00 | Build | Farm |
| 15:42 | Build | Mining Camp |
| 15:49 | Create | Villager (Male) |
| 15:59 | Build | House |
| 16:11 | Create | Villager (Male) |
| 16:15 | Build | Farm |
| 16:20 | Create | Villager (Male) |
| 16:37 | Build | Stone Wall |
| 16:38 | Build | Stone Wall |
| 16:46 | Build | Stone Wall |
| 16:56 | Build | Farm |
| 16:59 | Create | Villager (Male) |
| 17:08 | Build | Farm |
| 17:38 | Create | Villager (Male) |
| 18:10 | Create | Villager (Male) |
| 18:15 | Build | Market |
| 18:35 | Create | Villager (Male) |
| 18:49 | Build | Farm |
| 19:24 | Build | Watch Tower |
| 19:25 | Create | Villager (Male) |
| 19:29 | Build | Blacksmith |
| 19:38 | Create | Villager (Male) |
| 19:47 | Research | Fletching |
| 19:47 | Research | Fletching |
| 20:14 | Build | Watch Tower |
| 20:16 | Create | Villager (Male) |
| 20:17 | Create | Villager (Male) |
| 20:23 | Create | Villager (Male) |
| 20:50 | Create | Villager (Male) |
| 21:19 | Build | Watch Tower |
| 21:38 | Create | Villager (Male) |
| 21:50 | Build | Palisade Wall |
| 22:41 | Build | Palisade Wall |
| 22:42 | Create | Villager (Male) |
| 23:09 | Create | Villager (Male) |
| 23:58 | Build | Town Center |
| 24:07 | Build | Watch Tower |
| 25:03 | Create | Villager (Male) |
| 25:03 | Create | Villager (Male) |
| 25:07 | Build | Farm |
| 25:08 | Build | Farm |
| 25:09 | Build | Farm |
| 25:26 | Build | Stone Wall |
| 25:31 | Build | Stone Wall |
| 25:37 | Build | Farm |
| 25:39 | Build | Farm |
| 25:40 | Build | Farm |
| 26:01 | Build | Stone Wall |
| 26:05 | Build | Gate |
| 26:06 | Create | Villager (Male) |
| 26:12 | Build | Farm |
| 26:13 | Build | Farm |
| 26:14 | Build | Farm |
| 26:21 | Build | Mining Camp |
| 26:36 | Build | Gate |
| 26:40 | Create | Villager (Male) |
| 26:40 | Create | Villager (Male) |
| 26:44 | Build | Farm |
| 26:45 | Build | Farm |
| 27:06 | Create | Villager (Male) |
| 27:21 | Create | Villager (Male) |
| 27:28 | Build | Gate |
| 27:32 | Build | Farm |
| 27:33 | Build | Farm |
Build order — LvSP | Richard
First 150 of 210 actions detected
| 0:04 | Create | Villager (Male) |
| 0:04 | Create | Villager (Male) |
| 0:04 | Create | Villager (Male) |
| 0:04 | Create | Villager (Male) |
| 0:05 | Create | Villager (Male) |
| 0:06 | Build | House |
| 0:08 | Build | House |
| 1:26 | Create | Villager (Male) |
| 1:26 | Create | Villager (Male) |
| 2:03 | Create | Villager (Male) |
| 2:04 | Create | Villager (Male) |
| 2:11 | Create | Villager (Male) |
| 2:26 | Build | Lumber Camp |
| 2:45 | Create | Villager (Male) |
| 2:45 | Create | Villager (Male) |
| 3:22 | Create | Villager (Male) |
| 3:22 | Create | Villager (Male) |
| 3:23 | Create | Villager (Male) |
| 3:29 | Build | House |
| 3:53 | Create | Villager (Male) |
| 3:53 | Create | Villager (Male) |
| 4:26 | Create | Villager (Male) |
| 4:26 | Create | Villager (Male) |
| 4:41 | Create | Villager (Male) |
| 5:04 | Create | Villager (Male) |
| 5:14 | Build | Mining Camp |
| 5:41 | Create | Villager (Male) |
| 6:07 | Create | Villager (Male) |
| 6:37 | Research | Loom |
| 6:52 | Research | Feudal Age |
| 7:32 | Build | Barracks |
| 8:08 | Build | House |
| 8:44 | Build | House |
| 9:05 | Create | Villager (Male) |
| 9:14 | Age | Feudal Age |
| 9:17 | Build | Archery Range |
| 9:17 | Build | Archery Range |
| 9:29 | Research | Double-Bit Axe |
| 9:29 | Research | Double-Bit Axe |
| 9:30 | Create | Villager (Male) |
| 9:55 | Build | Archery Range |
| 10:08 | Create | Archer |
| 10:12 | Create | Villager (Male) |
| 10:46 | Build | Blacksmith |
| 10:50 | Create | Archer |
| 10:53 | Create | Villager (Male) |
| 11:02 | Create | Villager (Male) |
| 11:08 | Build | Mill |
| 11:28 | Create | Archer |
| 11:28 | Create | Archer |
| 11:29 | Create | Archer |
| 11:34 | Create | Archer |
| 11:34 | Create | Archer |
| 11:45 | Research | Fletching |
| 11:45 | Research | Fletching |
| 11:54 | Build | House |
| 11:58 | Create | Skirmisher |
| 11:59 | Create | Archer |
| 12:05 | Create | Villager (Male) |
| 12:18 | Build | House |
| 12:21 | Create | Archer |
| 12:31 | Create | Villager (Male) |
| 12:41 | Build | Watch Tower |
| 12:48 | Create | Villager (Male) |
| 12:57 | Create | Archer |
| 12:58 | Create | Archer |
| 13:23 | Create | Skirmisher |
| 13:24 | Create | Skirmisher |
| 13:32 | Build | Farm |
| 13:33 | Build | Farm |
| 13:39 | Build | Farm |
| 14:01 | Create | Villager (Male) |
| 14:03 | Build | Farm |
| 14:07 | Create | Archer |
| 14:08 | Create | Archer |
| 14:08 | Create | Skirmisher |
| 14:17 | Create | Villager (Male) |
| 14:35 | Create | Archer |
| 14:36 | Create | Archer |
| 15:06 | Create | Villager (Male) |
| 15:07 | Build | Farm |
| 15:09 | Build | Farm |
| 15:12 | Create | Villager (Male) |
| 15:16 | Build | House |
| 15:22 | Create | Archer |
| 15:41 | Build | House |
| 15:42 | Build | House |
| 15:43 | Build | House |
| 16:09 | Create | Villager (Male) |
| 16:11 | Build | Farm |
| 16:17 | Research | Padded Archer Armor |
| 16:17 | Research | Padded Archer Armor |
| 16:17 | Create | Archer |
| 16:18 | Create | Archer |
| 16:18 | Create | Archer |
| 16:29 | Build | House |
| 16:56 | Create | Villager (Male) |
| 16:58 | Build | Farm |
| 16:59 | Build | Farm |
| 17:03 | Create | Villager (Male) |
| 17:16 | Build | House |
| 17:17 | Create | Archer |
| 17:18 | Create | Archer |
| 17:33 | Create | Villager (Male) |
| 17:36 | Build | Farm |
| 17:43 | Build | House |
| 17:45 | Build | House |
| 17:58 | Build | House |
| 18:02 | Create | Villager (Male) |
| 18:14 | Research | Horse Collar |
| 18:15 | Research | Horse Collar |
| 18:18 | Create | Villager (Male) |
| 18:35 | Build | House |
| 18:44 | Create | Skirmisher |
| 18:44 | Create | Skirmisher |
| 18:46 | Create | Archer |
| 18:47 | Create | Archer |
| 19:03 | Create | Villager (Male) |
| 19:05 | Create | Villager (Male) |
| 19:27 | Create | Archer |
| 19:27 | Create | Archer |
| 19:28 | Create | Archer |
| 19:28 | Create | Archer |
| 19:57 | Create | Villager (Male) |
| 19:58 | Create | Villager (Male) |
| 20:00 | Create | Archer |
| 20:01 | Create | Archer |
| 20:01 | Create | Archer |
| 20:01 | Create | Archer |
| 20:16 | Build | Farm |
| 20:17 | Build | Farm |
| 20:18 | Create | Villager (Male) |
| 20:23 | Create | Archer |
| 20:23 | Create | Archer |
| 20:30 | Build | House |
| 21:14 | Create | Villager (Male) |
| 21:18 | Build | Farm |
| 21:22 | Create | Villager (Male) |
| 21:31 | Build | House |
| 21:45 | Create | Skirmisher |
| 21:46 | Create | Skirmisher |
| 21:48 | Create | Skirmisher |
| 21:56 | Create | Villager (Male) |
| 22:01 | Build | Farm |
| 22:01 | Build | Farm |
| 22:11 | Build | House |
| 22:26 | Build | Market |
| 22:39 | Create | Villager (Male) |
| 22:39 | Create | Villager (Male) |
| 23:01 | Create | Villager (Male) |
Match timeline
| 5:30 | DS_VarVa · first_building Barracks |
| 6:48 | [CL] Rey Enigmaaa · wall_segment Palisade Wall x1 |
| 7:17 | OS+ | NecksZy · first_building Barracks |
| 7:32 | LvSP | Richard · first_building Barracks |
| 7:41 | [CL] Rey Enigmaaa · wall_segment Palisade Wall x1 |
| 8:26 | [CL] Rey Enigmaaa · age_up feudal |
| 8:28 | DS_VarVa · wall_segment Palisade Wall x4 |
| 8:51 | OS+ | NecksZy · age_up feudal |
| 8:52 | OS+ | NecksZy · first_building Archery Range |
| 8:54 | DS_VarVa · age_up feudal |
| 9:01 | [CL] Rey Enigmaaa · wall_segment Palisade Wall x1 |
| 9:02 | [CL] Rey Enigmaaa · wall_segment Palisade Wall x1 |
| 9:08 | [CL] el castigador · first_building Barracks |
| 9:14 | LvSP | Richard · age_up feudal |
| 9:17 | LvSP | Richard · first_building Archery Range |
| 9:49 | Buhr · first_building Barracks |
| 9:53 | [CL] Rey Enigmaaa · wall_segment Stone Wall x1 |
| 9:54 | [CL] Rey Enigmaaa · wall_segment Stone Wall x1 |
| 9:55 | [CL] Rey Enigmaaa · wall_segment Stone Wall x1 |
| 9:56 | [CL] Rey Enigmaaa · wall_segment Stone Wall x1 |
| 9:58 | [CL] Rey Enigmaaa · wall_segment Stone Wall x1 |
| 9:59 | [CL] Rey Enigmaaa · wall_segment Stone Wall x1 |
| 10:18 | [CL] FelipeBesitosRicos · first_building Barracks |
| 10:47 | [CL] Rey Enigmaaa · wall_segment Stone Wall x1 |
| 10:50 | [CL] Rey Enigmaaa · wall_segment Stone Wall x1 |
| 10:51 | [CL] Rey Enigmaaa · wall_segment Stone Wall x1 |
| 10:55 | [CL] Rey Enigmaaa · wall_segment Stone Wall x1 |
| 10:56 | Smokey · age_up feudal |
| 10:56 | [CL] el castigador · age_up feudal |
| 10:58 | DS_VarVa · wall_segment Palisade Wall x1 |
| 10:59 | DS_VarVa · wall_segment Palisade Wall x1 |
| 11:07 | Buhr · age_up feudal |
| 11:11 | [CL] el castigador · first_building Stable |
| 11:16 | [CL] Rey Enigmaaa · wall_segment Stone Wall x1 |
| 11:24 | [CL] Rey Enigmaaa · wall_segment Stone Wall x3 |
| 11:28 | [CL] Rey Enigmaaa · wall_segment Stone Wall x1 |
| 11:29 | [CL] Rey Enigmaaa · wall_segment Stone Wall x1 |
| 11:31 | [CL] Rey Enigmaaa · wall_segment Stone Wall x1 |
| 11:33 | [CL] FelipeBesitosRicos · age_up feudal |
| 11:36 | [CL] FelipeBesitosRicos · first_building Stable |
| 11:47 | Smokey · first_market_sell 100 wood |
| 12:07 | [CL] Rey Enigmaaa · wall_segment Stone Wall x1 |
| 12:30 | [CL] el castigador · first_market_sell 100 wood |
| 12:31 | [CL] el castigador · first_market_buy 100 food |
| 14:13 | Buhr · wall_segment Palisade Wall x1 |
| 14:14 | Buhr · wall_segment Palisade Wall x1 |
| 14:18 | Buhr · wall_segment Palisade Wall x1 |
| 14:20 | Buhr · wall_segment Palisade Wall x1 |
| 14:21 | Buhr · wall_segment Palisade Wall x1 |
| 14:25 | Buhr · wall_segment Palisade Wall x1 |
| 14:28 | Smokey · age_up castle |
| 14:55 | [CL] el castigador · age_up castle |
| 15:02 | [CL] el castigador · first_building Monastery |
| 15:28 | [CL] FelipeBesitosRicos · age_up castle |
| 15:52 | OS+ | NecksZy · wall_segment Stone Wall x1 |
| 16:37 | [CL] Rey Enigmaaa · wall_segment Stone Wall x1 |
| 16:38 | [CL] Rey Enigmaaa · wall_segment Stone Wall x1 |
| 16:46 | [CL] Rey Enigmaaa · wall_segment Stone Wall x1 |
| 17:28 | DS_VarVa · wall_segment Palisade Wall x1 |
| 17:30 | DS_VarVa · wall_segment Palisade Wall x1 |
| 17:31 | DS_VarVa · wall_segment Palisade Wall x1 |
| 17:36 | DS_VarVa · wall_segment Palisade Wall x3 |
| 17:40 | Buhr · age_up castle |
| 17:48 | Buhr · first_building Castle |
| 19:20 | Buhr · wall_segment Palisade Wall x1 |
| 19:21 | Buhr · wall_segment Palisade Wall x1 |
| 19:25 | Buhr · wall_segment Palisade Wall x1 |
| 19:48 | [CL] FelipeBesitosRicos · first_building Siege Workshop |
| 20:01 | Buhr · first_building Siege Workshop |
| 20:06 | [CL] Rey Enigmaaa · first_market_sell 100 wood |
| 20:11 | [CL] Rey Enigmaaa · first_market_buy 100 stone |
| 20:26 | DS_VarVa · first_market_buy 100 food |
| 20:43 | Buhr · first_market_buy 100 stone |
| 20:47 | DS_VarVa · wall_segment Palisade Wall x1 |
| 21:09 | OS+ | NecksZy · age_up castle |
| 21:30 | [CL] FelipeBesitosRicos · first_building Monastery |
| 21:50 | [CL] Rey Enigmaaa · wall_segment Palisade Wall x1 |
| 22:41 | [CL] Rey Enigmaaa · wall_segment Palisade Wall x1 |
| 22:45 | Smokey · first_building Barracks |
| 23:06 | LvSP | Richard · first_market_buy 100 stone |
| 23:30 | LvSP | Richard · first_market_sell 100 food |
| 23:53 | Smokey · first_building Castle |
| 23:53 | DS_VarVa · age_up castle |
| 24:10 | [CL] el castigador · first_building Castle |
| 25:03 | Smokey · first_building Stable |
| 25:11 | DS_VarVa · first_building Krepost |
| 25:26 | [CL] Rey Enigmaaa · wall_segment Stone Wall x9 |
| 25:31 | [CL] Rey Enigmaaa · wall_segment Stone Wall x9 |
| 25:52 | DS_VarVa · wall_segment Stone Wall x1 |
| 26:01 | [CL] Rey Enigmaaa · wall_segment Stone Wall x9 |
| 26:14 | Buhr · wall_segment Stone Wall x1 |
| 26:15 | Buhr · wall_segment Stone Wall x4 |
| 26:22 | Buhr · wall_segment Stone Wall x22 |
| 27:11 | [CL] FelipeBesitosRicos · first_building Castle |
| 27:24 | Buhr · age_up imperial |
| 27:39 | Smokey · wall_segment Stone Wall x1 |
| 28:09 | [CL] Rey Enigmaaa · wall_segment Stone Wall x1 |
| 28:09 | Smokey · age_up imperial |
| 28:12 | LvSP | Richard · wall_segment Stone Wall x1 |
| 28:40 | Smokey · first_building Monastery |
| 28:55 | [CL] Rey Enigmaaa · wall_segment Stone Wall x9 |
| 29:01 | [CL] el castigador · age_up imperial |
| 29:05 | Buhr · first_market_sell 100 stone |
| 29:31 | Buhr · first_building Archery Range |
| 29:33 | [CL] FelipeBesitosRicos · first_market_sell 100 wood |
| 30:03 | DS_VarVa · first_building Stable |
| 30:20 | OS+ | NecksZy · first_building Castle |
| 30:56 | DS_VarVa · first_market_sell 100 wood |
| 31:21 | OS+ | NecksZy · wall_segment Stone Wall x1 |
| 31:37 | [CL] Rey Enigmaaa · wall_segment Stone Wall x5 |
| 31:45 | Smokey · first_building Archery Range |
| 32:30 | OS+ | NecksZy · wall_segment Stone Wall x4 |
| 32:45 | [CL] FelipeBesitosRicos · age_up imperial |
| 32:53 | [CL] Rey Enigmaaa · wall_segment Stone Wall x5 |
| 33:02 | [CL] el castigador · tribute_sent a jugador 2 |
| 33:02 | [CL] el castigador · tribute_sent a jugador 3 |
| 33:02 | [CL] el castigador · tribute_sent a jugador 4 |
| 33:02 | [CL] el castigador · tribute_sent a jugador 5 |
| 33:02 | [CL] el castigador · tribute_sent a jugador 6 |
| 33:02 | [CL] el castigador · tribute_sent a jugador 7 |
| 33:02 | [CL] el castigador · tribute_sent a jugador 8 |
| 33:41 | [CL] Rey Enigmaaa · age_up castle |
| 33:51 | [CL] el castigador · tribute_sent a jugador 2 |
| 33:51 | [CL] el castigador · tribute_sent a jugador 3 |
| 33:51 | [CL] el castigador · tribute_sent a jugador 4 |
| 33:51 | [CL] el castigador · tribute_sent a jugador 5 |
| 33:51 | [CL] el castigador · tribute_sent a jugador 6 |
| 33:51 | [CL] el castigador · tribute_sent a jugador 7 |
| 33:51 | [CL] el castigador · tribute_sent a jugador 8 |
| 34:04 | Smokey · first_market_buy 500 wood |
| 34:09 | LvSP | Richard · age_up castle |
| 34:18 | Smokey · tribute_sent a jugador 1 |
| 34:18 | Smokey · tribute_sent a jugador 3 |
| 34:18 | Smokey · tribute_sent a jugador 4 |
| 34:18 | Smokey · tribute_sent a jugador 5 |
| 34:18 | Smokey · tribute_sent a jugador 6 |
| 34:18 | Smokey · tribute_sent a jugador 7 |
| 34:18 | Smokey · tribute_sent a jugador 8 |
| 34:24 | DS_VarVa · resign |
[ AI ANALYSIS · 1 CREDIT ]
What really happened in this match?
Wolo.gg analyzes every decision: build order, eco, micro, common mistakes by bracket. Personalized analysis on WhatsApp or Discord in 30 seconds.
Civ guide
Portuguese
Map guide
Hideout
Perfil
Jugador #823918